 Dungeon Sprint DCSS version 0.21-a0-274-gc1afaeb (webtiles) character file.

9565 potatolord6000 the Fighter (level 11, -7/99 HPs)
             Began as a Minotaur Monk on Sept 19, 2017.
             Was the Champion of Hepliaklqana.
             Mangled by a naga warrior
             ... wielding a +0 glaive
              (15 damage)
             ... in the Dungeon (Sprint V: "Ziggurat Sprint").
             The game lasted 00:09:11 (1663 turns).

potatolord6000 the Fighter (Minotaur Monk)          Turns: 1663, Time: 00:09:11

Health: -7/99      AC: 11    Str: 31    XL:     11   Next: 24%
Magic:  19/19      EV: 19    Int:  8    God:    Hepliaklqana [******]
Gold:   0          SH:  0    Dex: 16    Spells: 10/10 levels left

rFire    . . .     SeeInvis .   a - +2 sword of Power
rCold    + . .     Gourm    .   (shield currently unavailable)
rNeg     + . .     Faith    .   m - +3 leather armour {rPois}
rPois    +         Spirit   .   (helmet restricted)
rElec    .         Reflect  .   z - +2 ratskin cloak {+Rats rPois rN+ Str-1 Int-1 Dex+1}
rCorr    .         Harm     .   (no gloves)
MR       .....     NoTele   +   (no boots)
Stlth    ++........             b - amulet "Egolij" {+Rage rC+ Int+2 Dex+3}
HPRegen  0.26/turn              C - +6 ring of strength
MPRegen  0.16/turn              D - +6 ring of strength

@: lethally poisoned (-7 -> -8), constricted
A: retaliatory headbutt, reduced essence, horns 2
a: Recall Ancestor, Ancestor Identity, Transference, Idealise, Renounce
Religion, Evoke Ratskin, Evoke Berserk Rage


You were in the Dungeon.
You worshipped Hepliaklqana.
Hepliaklqana was exalted by your worship.
You were not hungry.

You visited 1 branch

Inventory:

Hand Weapons
 a - the +2 sword of Power (weapon)
   (You found it in the Dungeon)
Armour
 m - a +3 leather armour of poison resistance (worn)
 z - the +2 ratskin cloak (worn) {+Rats rPois rN+ Str-1 Int-1 Dex+1}
   (You found it in the Dungeon)

   It affects your strength (-1).
   It affects your intelligence (-1).
   It affects your dexterity (+1).
   It protects you from poison.
   It protects you from negative energy.
Jewellery
 b - the amulet "Egolij" (around neck) {+Rage rC+ Int+2 Dex+3}
   (You found it in the Dungeon)

   [amulet of rage]

   It affects your intelligence (+2).
   It affects your dexterity (+3).
   It protects you from cold.
   It lets you go berserk.
 C - a +6 ring of strength (left hand)
 D - a +6 ring of strength (right hand)
Scrolls
 i - 4 scrolls of blinking
 p - 4 scrolls of amnesia
 q - 3 scrolls of recharging
 r - 7 scrolls of fog
 s - a scroll of holy word
 t - 5 scrolls of identify
 u - 5 scrolls of remove curse
 v - 2 scrolls of fear
 y - 2 scrolls of brand weapon
 A - 4 scrolls of enchant armour
Potions
 d - 10 potions of curing
 e - 9 potions of heal wounds
 f - a potion of haste
 g - 6 potions of magic
 h - 3 potions of berserk rage
 j - 2 potions of brilliance
 k - a potion of invisibility
 l - 3 potions of resistance
 n - 2 potions of agility
 o - 2 potions of might
Comestibles
 c - 5 bread rations
 w - 42 fruits
 x - 3 meat rations


   Skills:
 + Level 14.8 Fighting
 + Level 14.8 Long Blades
 + Level 14.5 Armour
 + Level 13.7 Dodging
 - Level 1.5 Stealth
 + Level 12.4 Invocations


You had 10 spell levels left.
You didn't know any spells.

Dungeon Overview and Level Annotations

Branches:
Dungeon (1/1)

Altars:
Ashenzari
Cheibriados
Dithmenos
Elyvilon
Fedhas
Gozag
Hepliaklqana
Kikubaaqudgha
Makhleb
Nemelex Xobeh
Okawaru
Qazlal
Ru
Sif Muna
Trog
Uskayaw
Vehumet
Wu Jian
Xom
Yredelemnul
Zin
The Shining One
Beogh
Jiyva
Lugonu

Annotations:
D 1 transporter


Innate Abilities, Weirdness & Mutations

You reflexively headbutt those who attack you in melee.
You have a pair of horns on your head.
Your life essence is reduced to manifest your ancestor. (-10% HP)


Message History

The black mamba bites you.
* * * LOW HITPOINT WARNING * * *
Tlalli points at the naga warrior and mumbles some strange words.
The stone arrow hits the guardian serpent.
The guardian serpent dies!
The anaconda bites you!
* * * LOW HITPOINT WARNING * * *
The anaconda constricts you. The adder closely misses you.
The black mamba closely misses you. You furiously retaliate!
You headbutt the black mamba. The naga barely misses you.
The naga spits poison at you. The splash of poison hits you! You resist.
The black mamba closely misses you.
You feel much better.
You feel sick. The anaconda misses you.
* * * LOW HITPOINT WARNING * * *
The anaconda constricts you. The black mamba bites you!
* * * LOW HITPOINT WARNING * * *
The adder bites you but does no damage. The black mamba barely misses you.
Tlalli hits the anaconda with a quarterstaff!
The naga warrior hits you with a glaive!
You die...

▓.▓.....▓. ▓....©....
▓▓▓▓▓▓▓▓▓▓▓▓▓▓▓▓▓▓▓▓▓▓
▓...8©8...▓...8©8...▓.
▓..|).}::.▓..|:)=)..▓.
▓..}:?})..▓..}).}=..▓.
▓....N....▓.........▓.
▓...NSN...▓.........▓.
▓..NS@†N..▓.........▓.
▓...S.S...▓.........▓.
▓..▓.R.▓..▓...÷.....▓.
▓.........▓.▓.....▓.▓.
▓....©....▓....©....▓▓
▓▓▓▓▓▓▓▓▓▓▓▓▓▓▓▓▓▓▓▓▓


You could see the friendly Tlalli the battlemage, a naga warrior, an anaconda, 2
black mambas, 4 nagas and an adder.

Vanquished Creatures
  A dancing weapon (D)
  A black mamba (D)
  A smoke demon (D)
  3 naga magi (D)
  2 rime drakes (D)
  4 starcursed masses (D)
  A freezing wraith (D)
  7 merfolk (D)
  An ice devil (D)
  2 polar bears (D)
  2 large abominations (D)
  A spriggan (D)
  A fire elemental (D)
  2 water moccasins (D)
  A naga (D)
  An ice beast (D)
  An orc warrior (D)
  A black bear (D)
  2 wolves (D)
  A centaur (D)
  3 scorpions (D)
  2 quasits (D)
  2 orc priests (D)
  2 orc wizards (D)
  A shadow imp (D)
  4 white imps (D)
  4 ufetubi (D)
  A ball python (D)
  2 bat simulacra (D)
57 creatures vanquished.

Vanquished Creatures (collateral kills)
  A deep elf archer (D)
  A guardian serpent (D)
  A rime drake (D)
  A freezing wraith (D)
  A hippogriff (D)
  A tarantella (D)
  An ice beast (D)
  A small abomination (D)
  2 white imps (D)
  An orc (D)
11 creatures vanquished.

Vanquished Creatures (others)
  A merfolk (D)
  2 battlemagi (D)
3 creatures vanquished.

Grand Total: 71 creatures vanquished

Notes
Turn   | Place    | Note
-------+----------+-------------------------------------------
     0 | D        | Found the +6 Majin-Bo {vamp, Archmagi MP+6 Int+6}
     0 | D        | Found the +7 great mace "Firestarter" {inner flame, rF++}
     0 | D        | potatolord6000 the Minotaur Monk began the quest for the Orb.
     0 | D        | Reached XP level 1. HP: 19/19 MP: 0/0
     0 | D        | Found a blossoming altar of Fedhas.
     1 | D        | Found a deep blue altar of Sif Muna.
     1 | D        | Found a sacrificial altar of Ru.
     1 | D        | Found a bloodstained altar of Trog.
     1 | D        | Found a stormy altar of Qazlal.
     1 | D        | Found an iron altar of Okawaru.
     1 | D        | Found a sparkling altar of Nemelex Xobeh.
     3 | D        | Found a transporter.
     3 | D        | Found an ancient bone altar of Kikubaaqudgha.
     3 | D        | Found a viscous altar of Jiyva.
     3 | D        | Found a corrupted altar of Lugonu.
     3 | D        | Found a hazy altar of Hepliaklqana.
     3 | D        | Found a burning altar of Makhleb.
     3 | D        | Found an opulent altar of Gozag.
    23 | D        | Found the +9 heavy crossbow "Sniper" {velocity, Acc+∞ SInv}
    23 | D        | Found the +10 dark maul {crush}
    23 | D        | Found the +15 Maxwell's patent armour {-Cast -Tele rElec MR+ rCorr}
    23 | D        | Found the +18 shield of the Gong {rElec rN+ MR+ EV-5}
    23 | D        | Found the cursed +14 obsidian axe {chop, +Fly SInv *Curse}
    25 | D        | Found the +6 shillelagh "Devastator" {shatter}
    25 | D        | Found the +11 plutonium sword {*Contam Stlth-}
    25 | D        | Found the +8 lance "Wyrmbane" {slay drac, rPois rF+ rC+ AC+3}
    25 | D        | Found the +9 sword of Zonguldrok {reap}
    25 | D        | Found the cursed +13 scythe of Curses {drain, *Curse}
    25 | D        | Found the +0 sword of Power
    25 | D        | Found the +4 mace of Variability {chaos}
    25 | D        | Found the +7 Singing Sword
    25 | D        | Found the +7 longbow "Piercer" {penet, EV-2}
    96 | D        | Became a worshipper of Hepliaklqana the Forgotten
    96 | D        | Reached * piety under Hepliaklqana
    96 | D        | Reached ** piety under Hepliaklqana
   102 | D        | Remembered your ancestor Tlalli as a battlemage
   206 | D        | Reached skill level 5 in Fighting
   206 | D        | Reached skill level 5 in Long Blades
   206 | D        | Reached skill level 5 in Dodging
   206 | D        | Reached XP level 2. HP: 26/26 MP: 0/3
   211 | D        | Entered arena 2.
   211 | D        | Noticed a merfolk
   211 | D        | Noticed a merfolk
   211 | D        | Found a transporter.
   215 | D        | Killed a merfolk
   215 | D        | Reached skill level 5 in Invocations
   215 | D        | Reached XP level 3. HP: 35/35 MP: 0/6
   215 | D        | Reached XP level 4. HP: 42/42 MP: 0/7
   215 | D        | Reached XP level 5. HP: 46/46 MP: 0/8
   217 | D        | Killed a merfolk
   217 | D        | Reached XP level 6. HP: 55/55 MP: 0/9
   220 | D        | Entered arena 3.
   220 | D        | Noticed a deep elf archer
   220 | D        | Noticed a fire elemental
   220 | D        | Noticed a trident of piercing
   220 | D        | Found a transporter.
   225 | D        | Killed a trident of piercing
   225 | D        | Reached skill level 10 in Fighting
   225 | D        | Reached skill level 10 in Long Blades
   225 | D        | Reached XP level 7. HP: 64/64 MP: 7/12
   225 | D        | Reached XP level 8. HP: 71/71 MP: 7/13
   231 | D        | Killed a deep elf archer
   231 | D        | Reached skill level 10 in Armour
   231 | D        | Reached skill level 10 in Dodging
   248 | D        | Entered arena 4.
   248 | D        | Found a transporter.
   248 | D        | Reached *** piety under Hepliaklqana
   256 | D        | Reached XP level 9. HP: 61/80 MP: 9/14
   261 | D        | Got the amulet "Egolij" {+Rage rC+ Int+2 Dex+3}
   269 | D        | Entered arena 5.
   269 | D        | Found a transporter.
   435 | D        | Entered arena 6.
   435 | D        | Noticed a large abomination
   435 | D        | Found a transporter.
   435 | D        | Reached **** piety under Hepliaklqana
   445 | D        | Killed a large abomination
   445 | D        | Reached skill level 10 in Invocations
   632 | D        | Entered arena 7.
   633 | D        | Found a transporter.
   653 | D        | Got the amulet "Otuos" {Spirit *Corrode MR+ Int+5}
   868 | D        | Entered arena 8.
   868 | D        | Noticed a freezing wraith
   868 | D        | Noticed a rime drake
   869 | D        | Found the +2 ratskin cloak {+Rats rPois rN+ Str-1 Int-1 Dex+1}
   873 | D        | Found a transporter.
   873 | D        | Reached ***** piety under Hepliaklqana
   875 | D        | Killed a rime drake
   881 | D        | Killed a freezing wraith
   881 | D        | Reached XP level 10. HP: 59/90 MP: 16/16
  1022 | D        | Entered arena 9.
  1022 | D        | Noticed a naga mage
  1022 | D        | Noticed a naga mage
  1022 | D        | Noticed a black mamba
  1022 | D        | Noticed a naga mage
  1027 | D        | Killed a black mamba
  1028 | D        | Found a transporter.
  1031 | D        | Killed a naga mage
  1034 | D        | Killed a naga mage
  1037 | D        | Killed a naga mage
  1045 | D        | Entered arena 10.
  1047 | D        | Found a transporter.
  1065 | D        | Entered arena 11.
  1065 | D        | Noticed a smoke demon
  1065 | D        | Noticed a starcursed mass
  1066 | D        | Found a transporter.
  1074 | D        | Killed a starcursed mass
  1075 | D        | Killed a starcursed mass
  1076 | D        | Killed a starcursed mass
  1078 | D        | Killed a starcursed mass
  1083 | D        | Killed a smoke demon
  1294 | D        | Entered arena 12.
  1294 | D        | Reached ****** piety under Hepliaklqana
  1300 | D        | Found a transporter.
  1303 | D        | Reached XP level 11. HP: 89/99 MP: 12/19
  1655 | D        | Entered arena 13.
  1655 | D        | Noticed a naga warrior
  1656 | D        | Noticed an anaconda
  1657 | D        | Found a transporter.
  1662 | D        | HP: 2/99 [anaconda (16)]
  1663 | D        | Mangled by a naga warrior

Vault maps used:
D:        sprint_v

Skill      XL: |  1  2  3  4  5  6  7  8  9 10 |
---------------+-------------------------------+-----
Fighting       | 5 7 8 10 11 12 14 | 14.8
Long Blades    | 5 7 8 10 11 12 14 | 14.8
Armour         | 3 6 7 9 10 12 14 | 14.5
Dodging        | 5 7 8 9 10 11 13 | 13.7
Invocations    | 3 5 6 8 9 10 12 | 12.4
Stealth        | |  1.5

Action                   |  1- 3 |  4- 6 |  7- 9 | 10-12 || total
-------------------------+-------+-------+-------+-------++-------
Melee: Great sword       |     2 |     1 |    34 |    38 ||    75
       Headbutt          |     2 |     1 |     8 |    16 ||    27
Invok: Ancestor Life: Ba |     1 |       |       |       ||     1
       Recall Ancestor   |       |     1 |       |     1 ||     2
       Idealise          |       |       |       |     1 ||     1
       Transference      |       |       |       |     1 ||     1
  Use: Potion            |     4 |     1 |     6 |     6 ||    17
 Stab: Distracted        |       |       |     1 |       ||     1
       Invisible         |       |       |       |     5 ||     5
  Eat: Meat ration       |     1 |       |       |       ||     1
Armor: Leather armour    |       |       |     3 |    17 ||    20
Dodge: Dodged            |     3 |     5 |    31 |    98 ||   137
       Rpst.: Great sword |     1 |     1 |     7 |    20 ||    29

Table legend:
 A = Spawn XP
 B = Non-spawn XP
 C = Spawn XP percentage of total XP
 D = Spawn monster count
 E = Non-spawn monster count
 F = Spawn count percentage of total count
 G = Total turns spent on level
                    A         B        C        D         E        F      G
               +---------+---------+-------+---------+---------+-------+---------
         Total |       0 |   13653 |   0.0 |       0 |      69 |   0.0 |  1663
               +---------+---------+-------+---------+---------+-------+---------
             D |       0 |   13653 |   0.0 |       0 |      69 |   0.0 |  1663
               +---------+---------+-------+---------+---------+-------+---------
